[ PARTIDA AOE2 · #472794560 ]
UnrankedAztecas vs Mongols
[ ANÁLISIS DE REPETICIÓN · EXTRAÍDO DE LA PARTIDA GRABADA ]
Feudal
9:44
Castillos
13:45
Imperial
—
| APM promedio | 27.0 |
| APM pico | 64 |
| eAPM promedio | 17.1 |
| Aldeanos / militares | 61 / 13 |
Foco
⚔️ 25.4% · 🌾 74.6%
Fishing Ship ×8 · Monk ×5 · Mangonel ×4 · Battering Ram ×3 · Unknown (2626) ×2 · Scorpion ×1
Feudal
10:48
Castillos
14:46
Imperial
—
| APM promedio | 38.9 |
| APM pico | 85 |
| eAPM promedio | 17.7 |
| Aldeanos / militares | 29 / 5 |
Foco
⚔️ 28.8% · 🌾 71.2%
Fishing Ship ×12 · Mangudai ×5
Feudal
13:14
Castillos
16:58
Imperial
—
| APM promedio | 34.5 |
| APM pico | 63 |
| eAPM promedio | 19.3 |
| Aldeanos / militares | 78 / 22 |
Foco
⚔️ 31.9% · 🌾 68.1%
Fishing Ship ×24 · Knight ×19 · Demolition Raft ×2 · Monk ×1
Feudal
11:16
Castillos
14:54
Imperial
—
| APM promedio | 32.4 |
| APM pico | 76 |
| eAPM promedio | 18.1 |
| Aldeanos / militares | 53 / 5 |
Foco
⚔️ 30.9% · 🌾 69.1%
Unknown (2626) ×25 · Fishing Ship ×14 · Monk ×3 · Demolition Raft ×2
Feudal
9:28
Castillos
—
Imperial
—
| APM promedio | 41.5 |
| APM pico | 84 |
| eAPM promedio | 23.8 |
| Aldeanos / militares | 31 / 2 |
Foco
⚔️ 23.9% · 🌾 76.1%
Fishing Ship ×12 · Fire Galley ×2
Feudal
7:35
Castillos
—
Imperial
—
| APM promedio | 35.4 |
| APM pico | 54 |
| eAPM promedio | 23.6 |
| Aldeanos / militares | 43 / 15 |
Foco
⚔️ 35.3% · 🌾 64.7%
Unknown (2626) ×34 · Fire Galley ×15 · Fishing Ship ×10
Mapa de la partida
Recursos iniciales + cada clic de construcción. Líneas = muros · curvas = relieve. ◆ oro · ⬟ piedra · ● bayas · ✦ reliquia · ◌ hueco del cierre
Tu base· ✓ Separados por el mapa
Base de Hoyall· ✓ Separados por el mapa
Base de 皮眼派對· ✓ Separados por el mapa
Base de CristinaLover· ✓ Separados por el mapa
Base de 6mill· ✓ Separados por el mapa
Base de 暴陽· ✓ Separados por el mapa
Terreno inicial suavizado · ◌ = hueco del cierre detectado · pasá el cursor para detalles
Inputs por minuto
— 紅燈右轉 - - Hoyall
Build order — 紅燈右轉
138 acciones detectadas en el replay
| 0:22 | Construir | Dock |
| 0:34 | Construir | House |
| 1:21 | Construir | Town Center |
| 2:07 | Crear | Villager (Male) ×4 |
| 2:08 | Crear | Villager (Male) ×4 |
| 2:20 | Construir | House |
| 2:49 | Crear | Fishing Ship |
| 2:50 | Crear | Fishing Ship |
| 3:25 | Crear | Fishing Ship |
| 3:30 | Construir | House |
| 3:33 | Crear | Villager (Male) |
| 3:55 | Crear | Villager (Male) |
| 4:06 | Crear | Fishing Ship |
| 4:20 | Crear | Villager (Male) |
| 4:34 | Crear | Fishing Ship |
| 4:41 | Crear | Villager (Male) |
| 4:42 | Crear | Villager (Male) |
| 4:55 | Construir | House |
| 4:58 | Crear | Villager (Male) |
| 4:58 | Crear | Villager (Male) |
| 5:21 | Crear | Fishing Ship |
| 5:30 | Construir | House |
| 5:32 | Crear | Villager (Male) |
| 5:32 | Crear | Villager (Male) |
| 5:33 | Crear | Villager (Male) |
| 6:00 | Crear | Fishing Ship |
| 6:20 | Crear | Villager (Male) |
| 6:22 | Crear | Villager (Male) |
| 6:30 | Crear | Fishing Ship |
| 7:07 | Construir | Mining Camp |
| 7:34 | Investigar | Feudal Age |
| 8:10 | Construir | Dock |
| 8:29 | Investigar | Loom |
| 8:30 | Crear | Villager (Male) |
| 8:30 | Crear | Villager (Male) |
| 8:49 | Construir | Mill |
| 9:44 | Edad | Edad Feudal |
| 9:46 | Construir | Market |
| 10:13 | Construir | Blacksmith |
| 10:42 | Construir | House |
| 11:05 | Investigar | Castle Age |
| 11:36 | Construir | Lumber Camp |
| 11:41 | Investigar | Gold Mining |
| 12:01 | Construir | House |
| 12:12 | Investigar | Double-Bit Axe |
| 12:19 | Crear | Unit 2626 |
| 12:21 | Crear | Unit 2626 |
| 12:36 | Crear | Villager (Male) |
| 13:43 | Construir | Dock |
| 13:45 | Edad | Edad de los Castillos |
| 13:49 | Construir | Siege Workshop |
| 13:50 | Crear | Monk |
| 14:03 | Investigar | Bow Saw |
| 14:04 | Crear | Villager (Male) |
| 14:04 | Crear | Villager (Male) |
| 14:04 | Crear | Villager (Male) |
| 14:10 | Construir | House |
| 14:30 | Crear | Mangonel |
| 14:30 | Crear | Mangonel |
| 14:57 | Crear | Monk |
| 15:01 | Crear | Villager (Male) |
| 15:05 | Crear | Mangonel |
| 15:27 | Crear | Villager (Male) |
| 15:40 | Crear | Mangonel |
| 16:09 | Crear | Villager (Male) |
| 16:10 | Crear | Villager (Male) |
| 16:36 | Crear | Villager (Male) |
| 16:38 | Crear | Battering Ram |
| 16:47 | Crear | Villager (Male) |
| 16:49 | Construir | House |
| 17:09 | Crear | Monk |
| 17:14 | Construir | Monastery |
| 17:14 | Crear | Battering Ram |
| 17:42 | Crear | Scorpion |
| 17:51 | Crear | Monk |
| 18:14 | Crear | Villager (Male) |
| 18:15 | Crear | Villager (Male) |
| 18:26 | Investigar | Sanctity |
| 18:28 | Crear | Villager (Male) |
| 18:44 | Construir | House |
| 18:57 | Construir | House |
| 19:06 | Crear | Monk |
| 19:15 | Investigar | Wheelbarrow |
| 19:20 | Construir | Town Center |
| 19:46 | Crear | Villager (Male) |
| 19:53 | Construir | Town Center |
| 20:18 | Construir | Lumber Camp |
| 20:44 | Crear | Battering Ram |
| 20:59 | Crear | Villager (Male) |
| 21:00 | Crear | Villager (Male) |
| 21:00 | Crear | Villager (Male) |
| 21:01 | Crear | Villager (Male) |
| 21:01 | Crear | Villager (Male) |
| 21:02 | Crear | Villager (Male) |
| 21:02 | Crear | Villager (Male) |
| 21:05 | Crear | Villager (Male) |
| 21:05 | Crear | Villager (Male) |
| 21:11 | Investigar | Horse Collar |
| 21:14 | Construir | House |
| 21:19 | Construir | House |
| 21:36 | Investigar | Fervor |
| 21:44 | Crear | Villager (Male) |
| 21:45 | Crear | Villager (Male) |
| 21:51 | Construir | Farm |
| 21:51 | Construir | Farm |
| 21:52 | Construir | Farm |
| 21:54 | Construir | Farm |
| 21:55 | Construir | Farm |
| 21:56 | Crear | Villager (Male) |
| 21:56 | Crear | Villager (Male) |
| 22:16 | Crear | Villager (Male) |
| 22:17 | Crear | Villager (Male) |
| 22:21 | Construir | Farm |
| 22:23 | Construir | Farm |
| 22:29 | Construir | Farm |
| 22:34 | Construir | House |
| 22:36 | Construir | House |
| 22:39 | Crear | Villager (Male) |
| 22:39 | Crear | Villager (Male) |
| 22:43 | Construir | Town Center |
| 23:07 | Construir | House |
| 23:11 | Crear | Villager (Male) |
| 23:11 | Crear | Villager (Male) |
| 23:11 | Crear | Villager (Male) |
| 23:12 | Crear | Villager (Male) |
| 23:18 | Construir | Mill |
| 23:19 | Construir | Farm |
| 23:19 | Construir | Farm |
| 23:19 | Construir | Farm |
| 23:20 | Construir | Farm |
| 23:20 | Construir | Farm |
| 23:23 | Investigar | Heavy Plow |
| 23:24 | Investigar | Heavy Plow |
| 23:34 | Crear | Villager (Male) |
| 23:46 | Investigar | Atonement |
| 23:49 | Crear | Villager (Male) |
| 23:49 | Crear | Villager (Male) |
| 23:49 | Crear | Villager (Male) |
Build order — Hoyall
87 acciones detectadas en el replay
| 0:14 | Construir | Dock |
| 1:06 | Crear | Fishing Ship |
| 2:07 | Construir | Town Center |
| 2:47 | Crear | Fishing Ship |
| 2:48 | Crear | Fishing Ship |
| 2:54 | Construir | House |
| 2:55 | Construir | House |
| 2:58 | Crear | Villager (Male) |
| 3:10 | Investigar | Loom |
| 3:11 | Investigar | Loom |
| 3:31 | Crear | Fishing Ship |
| 3:32 | Crear | Villager (Male) |
| 3:33 | Crear | Villager (Male) |
| 3:58 | Crear | Villager (Male) |
| 4:06 | Crear | Villager (Male) |
| 4:30 | Crear | Fishing Ship |
| 4:30 | Crear | Fishing Ship |
| 4:43 | Crear | Villager (Male) |
| 4:59 | Construir | House |
| 5:01 | Crear | Villager (Male) |
| 5:25 | Crear | Fishing Ship |
| 5:25 | Crear | Fishing Ship |
| 5:53 | Construir | House |
| 5:59 | Crear | Fishing Ship |
| 6:00 | Crear | Villager (Male) |
| 6:21 | Crear | Villager (Male) |
| 6:33 | Construir | House |
| 6:44 | Crear | Fishing Ship |
| 6:44 | Crear | Fishing Ship |
| 6:52 | Crear | Villager (Male) |
| 7:11 | Crear | Villager (Male) |
| 7:26 | Crear | Fishing Ship |
| 7:40 | Construir | House |
| 7:48 | Crear | Villager (Male) |
| 7:49 | Crear | Villager (Male) |
| 8:12 | Construir | Mining Camp |
| 8:26 | Investigar | Feudal Age |
| 8:26 | Investigar | Feudal Age |
| 10:26 | Construir | Mining Camp |
| 10:47 | Crear | Villager (Male) |
| 10:48 | Edad | Edad Feudal |
| 10:54 | Construir | Mill |
| 11:04 | Crear | Villager (Male) |
| 11:24 | Construir | Market |
| 11:30 | Construir | Blacksmith |
| 11:35 | Crear | Villager (Male) |
| 12:06 | Investigar | Castle Age |
| 12:07 | Investigar | Castle Age |
| 12:27 | Investigar | Double-Bit Axe |
| 12:27 | Investigar | Double-Bit Axe |
| 13:00 | Construir | House |
| 13:18 | Construir | House |
| 14:18 | Construir | House |
| 14:33 | Crear | Villager (Male) |
| 14:34 | Crear | Villager (Male) |
| 14:46 | Edad | Edad de los Castillos |
| 15:04 | Construir | Castle |
| 15:26 | Crear | Villager (Male) |
| 15:39 | Crear | Villager (Male) |
| 16:02 | Construir | Outpost |
| 16:22 | Crear | Mangudai |
| 16:22 | Crear | Mangudai |
| 16:38 | Crear | Villager (Male) |
| 16:41 | Construir | Farm |
| 16:43 | Construir | Farm |
| 16:43 | Construir | Farm |
| 16:44 | Construir | Farm |
| 16:44 | Construir | Farm |
| 16:52 | Crear | Mangudai |
| 17:03 | Investigar | Fletching |
| 17:03 | Investigar | Fletching |
| 17:22 | Crear | Villager (Male) |
| 17:24 | Construir | Farm |
| 17:25 | Construir | Farm |
| 18:01 | Crear | Mangudai |
| 18:09 | Crear | Villager (Male) |
| 18:09 | Crear | Villager (Male) |
| 18:14 | Crear | Villager (Male) |
| 18:18 | Construir | Farm |
| 18:32 | Investigar | Bodkin Arrow |
| 18:32 | Investigar | Bodkin Arrow |
| 18:35 | Crear | Villager (Male) |
| 19:03 | Crear | Villager (Male) |
| 19:19 | Crear | Mangudai |
| 19:36 | Crear | Villager (Male) |
| 19:38 | Construir | Farm |
| 19:44 | Crear | Villager (Male) |
Build order — 皮眼派對
Primeras 150 de 172 acciones detectadas
| 0:14 | Construir | Dock |
| 1:47 | Construir | Town Center |
| 2:35 | Crear | Villager (Male) |
| 2:35 | Crear | Villager (Male) |
| 2:35 | Crear | Villager (Male) |
| 2:35 | Crear | Villager (Male) |
| 2:36 | Crear | Villager (Male) |
| 2:39 | Construir | House |
| 3:13 | Crear | Villager (Male) |
| 3:13 | Crear | Villager (Male) |
| 3:17 | Construir | House |
| 3:21 | Crear | Villager (Male) |
| 3:21 | Crear | Villager (Male) |
| 4:00 | Crear | Fishing Ship |
| 4:00 | Crear | Fishing Ship |
| 4:01 | Crear | Villager (Male) |
| 4:02 | Crear | Villager (Male) |
| 4:31 | Crear | Fishing Ship |
| 4:31 | Crear | Fishing Ship |
| 4:54 | Crear | Villager (Male) |
| 4:54 | Crear | Villager (Male) |
| 5:14 | Construir | House |
| 5:22 | Construir | Mill |
| 5:26 | Crear | Villager (Male) |
| 5:26 | Crear | Villager (Male) |
| 5:39 | Crear | Villager (Male) |
| 5:40 | Crear | Villager (Male) |
| 5:55 | Crear | Fishing Ship |
| 5:55 | Crear | Fishing Ship |
| 6:07 | Crear | Villager (Male) |
| 6:07 | Crear | Villager (Male) |
| 6:23 | Crear | Fishing Ship |
| 6:23 | Crear | Fishing Ship |
| 6:35 | Construir | House |
| 6:38 | Construir | House |
| 6:41 | Crear | Villager (Male) |
| 6:41 | Crear | Villager (Male) |
| 6:58 | Crear | Villager (Male) |
| 6:58 | Crear | Villager (Male) |
| 7:00 | Crear | Fishing Ship |
| 7:00 | Crear | Fishing Ship |
| 7:17 | Construir | House |
| 7:22 | Crear | Villager (Male) |
| 7:22 | Crear | Villager (Male) |
| 7:39 | Crear | Fishing Ship |
| 7:39 | Crear | Fishing Ship |
| 7:41 | Crear | Villager (Male) |
| 7:41 | Crear | Villager (Male) |
| 7:47 | Construir | Palisade Wall |
| 7:50 | Construir | Palisade Wall |
| 8:03 | Crear | Villager (Male) |
| 8:04 | Crear | Villager (Male) |
| 8:08 | Crear | Fishing Ship |
| 8:14 | Crear | Villager (Male) |
| 8:24 | Construir | House |
| 8:26 | Construir | Palisade Wall |
| 8:28 | Construir | Palisade Wall |
| 8:30 | Construir | Palisade Wall |
| 8:57 | Construir | Mining Camp |
| 9:27 | Construir | Palisade Wall |
| 9:31 | Construir | Farm |
| 9:50 | Construir | Farm |
| 9:51 | Construir | Farm |
| 9:54 | Crear | Villager (Male) |
| 9:58 | Crear | Fishing Ship |
| 10:06 | Construir | House |
| 10:29 | Crear | Fishing Ship |
| 10:39 | Investigar | Loom |
| 10:57 | Construir | Palisade Wall |
| 11:00 | Investigar | Feudal Age |
| 11:06 | Investigar | Double-Bit Axe |
| 11:06 | Investigar | Double-Bit Axe |
| 11:19 | Crear | Fishing Ship |
| 11:21 | Crear | Villager (Male) |
| 11:29 | Construir | Palisade Wall |
| 11:30 | Construir | Palisade Wall |
| 11:33 | Construir | Palisade Wall |
| 11:34 | Construir | Palisade Wall |
| 11:36 | Construir | Palisade Wall |
| 11:56 | Construir | Lumber Camp |
| 12:02 | Crear | Fishing Ship |
| 12:52 | Crear | Villager (Male) |
| 13:11 | Crear | Villager (Male) |
| 13:14 | Edad | Edad Feudal |
| 13:18 | Construir | Market |
| 13:24 | Construir | Blacksmith |
| 14:11 | Construir | Barracks |
| 14:18 | Investigar | Castle Age |
| 14:18 | Investigar | Castle Age |
| 14:22 | Investigar | Gold Mining |
| 14:22 | Investigar | Gold Mining |
| 14:37 | Construir | Dock |
| 14:57 | Investigar | Bow Saw |
| 14:58 | Investigar | Bow Saw |
| 15:17 | Investigar | Tech 906 |
| 15:43 | Construir | Stable |
| 15:47 | Investigar | Scale Barding Armor |
| 15:50 | Investigar | Forging |
| 16:09 | Crear | Demolition Raft |
| 16:09 | Crear | Demolition Raft |
| 16:20 | Crear | Villager (Male) |
| 16:26 | Crear | Fishing Ship ×3 |
| 16:42 | Construir | Farm |
| 16:45 | Construir | Farm |
| 16:58 | Edad | Edad de los Castillos |
| 16:59 | Crear | Monk |
| 17:01 | Construir | Farm |
| 17:04 | Construir | Farm |
| 17:06 | Investigar | Horse Collar |
| 17:07 | Investigar | Horse Collar |
| 17:17 | Investigar | Cavalier (upgrade) |
| 17:19 | Crear | Villager (Male) |
| 17:22 | Construir | Farm |
| 17:24 | Construir | Farm |
| 17:28 | Crear | Fishing Ship |
| 17:44 | Construir | Farm |
| 17:49 | Construir | House |
| 17:50 | Construir | House |
| 17:56 | Crear | Knight |
| 17:57 | Crear | Knight |
| 18:24 | Construir | Stable |
| 18:31 | Crear | Knight |
| 18:33 | Crear | Villager (Male) |
| 18:33 | Crear | Villager (Male) |
| 18:34 | Investigar | Chain Barding Armor |
| 18:40 | Crear | Villager (Male) |
| 18:46 | Crear | Fishing Ship |
| 18:46 | Crear | Fishing Ship |
| 19:00 | Construir | Farm |
| 19:11 | Crear | Fishing Ship |
| 19:18 | Construir | Farm |
| 19:24 | Crear | Knight ×2 |
| 19:24 | Crear | Villager (Male) ×5 |
| 19:37 | Crear | Villager (Male) ×2 |
| 19:48 | Crear | Knight |
| 19:48 | Crear | Knight |
| 19:57 | Construir | House |
| 19:57 | Construir | House |
| 19:58 | Construir | House |
| 20:03 | Crear | Knight |
| 20:04 | Crear | Knight |
| 20:13 | Crear | Villager (Male) ×3 |
| 20:27 | Construir | House |
| 20:27 | Construir | House |
| 20:34 | Crear | Knight |
| 20:53 | Crear | Knight |
| 20:55 | Crear | Villager (Male) |
| 21:02 | Construir | Town Center |
| 21:08 | Crear | Knight |
| 21:09 | Crear | Villager (Male) ×5 |
Build order — CristinaLover
Primeras 150 de 177 acciones detectadas
| 0:08 | Construir | House |
| 0:09 | Construir | House |
| 0:30 | Construir | Dock |
| 1:06 | Construir | Town Center |
| 2:03 | Crear | Villager (Male) |
| 2:03 | Crear | Villager (Male) |
| 2:50 | Crear | Villager (Male) |
| 2:51 | Crear | Villager (Male) |
| 2:51 | Crear | Villager (Male) |
| 2:56 | Crear | Fishing Ship |
| 2:56 | Crear | Fishing Ship |
| 3:00 | Construir | House |
| 3:06 | Crear | Fishing Ship |
| 3:40 | Construir | House |
| 3:51 | Crear | Villager (Male) |
| 4:31 | Construir | Mill |
| 4:34 | Crear | Villager (Male) |
| 4:47 | Construir | Dock |
| 5:11 | Crear | Villager (Male) |
| 5:13 | Crear | Fishing Ship |
| 5:40 | Crear | Villager (Male) |
| 5:40 | Crear | Villager (Male) |
| 5:41 | Crear | Fishing Ship |
| 5:41 | Crear | Fishing Ship |
| 6:02 | Crear | Villager (Male) |
| 6:09 | Crear | Fishing Ship |
| 6:11 | Crear | Fishing Ship |
| 6:15 | Construir | House |
| 6:15 | Construir | House |
| 6:20 | Construir | House |
| 6:32 | Crear | Villager (Male) |
| 6:32 | Crear | Villager (Male) |
| 6:48 | Crear | Fishing Ship |
| 7:11 | Construir | Mining Camp |
| 7:18 | Crear | Villager (Male) |
| 7:35 | Crear | Fishing Ship |
| 7:37 | Crear | Villager (Male) |
| 7:39 | Construir | House |
| 8:02 | Crear | Villager (Male) |
| 8:05 | Crear | Fishing Ship |
| 8:22 | Construir | House |
| 8:27 | Construir | Palisade Wall |
| 8:31 | Construir | Palisade Gate |
| 8:35 | Investigar | Loom |
| 8:48 | Crear | Fishing Ship |
| 9:06 | Investigar | Feudal Age |
| 9:07 | Investigar | Feudal Age |
| 9:11 | Crear | Fishing Ship |
| 9:39 | Crear | Fishing Ship |
| 10:35 | Crear | Villager (Male) |
| 10:35 | Crear | Villager (Male) |
| 11:15 | Crear | Villager (Male) |
| 11:16 | Edad | Edad Feudal |
| 11:19 | Construir | Market |
| 11:24 | Construir | Blacksmith |
| 11:52 | Construir | Lumber Camp |
| 12:14 | Investigar | Castle Age |
| 12:15 | Investigar | Castle Age |
| 12:16 | Investigar | Double-Bit Axe |
| 12:24 | Construir | Stone Wall |
| 12:44 | Investigar | Tech 906 |
| 12:57 | Crear | Unit 2626 |
| 12:59 | Crear | Unit 2626 |
| 13:20 | Investigar | Gold Mining |
| 13:25 | Crear | Villager (Male) |
| 13:41 | Construir | Dock |
| 13:48 | Crear | Unit 2626 |
| 14:08 | Construir | House |
| 14:09 | Construir | House |
| 14:12 | Construir | House |
| 14:27 | Crear | Unit 2626 |
| 14:31 | Crear | Unit 2626 |
| 14:54 | Edad | Edad de los Castillos |
| 14:56 | Crear | Monk |
| 14:56 | Investigar | Bow Saw |
| 14:58 | Crear | Villager (Male) |
| 15:09 | Investigar | War Galley (upgrade) |
| 15:18 | Crear | Unit 2626 |
| 15:28 | Crear | Villager (Male) |
| 15:47 | Crear | Unit 2626 |
| 15:47 | Crear | Unit 2626 |
| 15:48 | Crear | Villager (Male) |
| 16:07 | Crear | Villager (Male) |
| 16:12 | Crear | Unit 2626 |
| 16:30 | Construir | Town Center |
| 16:36 | Crear | Villager (Male) |
| 16:41 | Crear | Unit 2626 |
| 16:41 | Crear | Unit 2626 |
| 16:57 | Crear | Villager (Male) |
| 17:02 | Investigar | Stone Mining |
| 17:05 | Crear | Villager (Male) |
| 17:28 | Investigar | Fervor |
| 17:29 | Crear | Villager (Male) |
| 17:29 | Crear | Villager (Male) |
| 17:42 | Crear | Unit 2626 |
| 17:51 | Crear | Unit 2626 |
| 17:51 | Crear | Unit 2626 |
| 17:58 | Construir | Dock |
| 18:02 | Crear | Unit 2626 |
| 18:04 | Crear | Villager (Male) |
| 18:05 | Crear | Villager (Male) |
| 18:14 | Investigar | Wheelbarrow |
| 18:31 | Crear | Unit 2626 |
| 18:32 | Crear | Unit 2626 |
| 18:43 | Crear | Villager (Male) |
| 18:44 | Crear | Villager (Male) |
| 18:45 | Crear | Villager (Male) |
| 19:10 | Crear | Unit 2626 |
| 19:11 | Crear | Unit 2626 |
| 19:11 | Crear | Unit 2626 |
| 19:13 | Construir | House |
| 19:14 | Construir | House |
| 19:27 | Crear | Unit 2626 |
| 19:27 | Crear | Unit 2626 |
| 19:42 | Crear | Unit 2626 |
| 19:43 | Crear | Unit 2626 |
| 20:10 | Crear | Unit 2626 |
| 20:12 | Crear | Villager (Male) |
| 20:12 | Crear | Villager (Male) |
| 20:20 | Construir | Town Center |
| 20:29 | Construir | Lumber Camp |
| 20:33 | Construir | Farm |
| 20:33 | Construir | Farm |
| 20:33 | Construir | Farm |
| 20:36 | Construir | Farm |
| 20:43 | Construir | Farm |
| 20:56 | Crear | Villager (Male) |
| 20:56 | Crear | Villager (Male) |
| 20:56 | Crear | Villager (Male) |
| 20:57 | Crear | Villager (Male) |
| 20:57 | Crear | Villager (Male) |
| 20:57 | Crear | Villager (Male) |
| 21:19 | Crear | Demolition Raft |
| 21:19 | Crear | Demolition Raft |
| 21:31 | Construir | House |
| 21:33 | Construir | House |
| 21:34 | Construir | House |
| 21:34 | Construir | House |
| 21:34 | Construir | House |
| 21:38 | Construir | House |
| 21:42 | Construir | Stone Wall |
| 21:48 | Crear | Villager (Male) |
| 21:58 | Crear | Monk |
| 22:05 | Crear | Villager (Male) |
| 22:05 | Crear | Villager (Male) |
| 22:12 | Investigar | Fletching |
| 22:36 | Crear | Villager (Male) |
| 22:36 | Crear | Villager (Male) |
| 22:40 | Construir | University |
| 22:49 | Construir | House |
Build order — 6mill
98 acciones detectadas en el replay
| 0:18 | Construir | House |
| 0:38 | Construir | Dock |
| 1:39 | Construir | Town Center |
| 2:33 | Crear | Villager (Male) |
| 2:33 | Crear | Villager (Male) |
| 3:11 | Construir | House |
| 3:18 | Crear | Fishing Ship |
| 3:18 | Crear | Fishing Ship |
| 3:21 | Crear | Villager (Male) |
| 3:51 | Crear | Villager (Male) |
| 3:51 | Crear | Villager (Male) |
| 3:51 | Crear | Villager (Male) |
| 4:18 | Crear | Fishing Ship |
| 4:18 | Crear | Fishing Ship |
| 4:39 | Crear | Villager (Male) |
| 4:39 | Crear | Villager (Male) |
| 4:58 | Crear | Fishing Ship |
| 4:58 | Crear | Fishing Ship |
| 5:10 | Construir | House |
| 5:11 | Investigar | Loom |
| 5:12 | Investigar | Loom |
| 5:20 | Crear | Villager (Male) |
| 5:20 | Crear | Villager (Male) |
| 5:49 | Crear | Villager (Male) |
| 6:02 | Crear | Fishing Ship |
| 6:03 | Crear | Fishing Ship |
| 6:03 | Crear | Fishing Ship |
| 7:03 | Crear | Fishing Ship |
| 7:18 | Investigar | Feudal Age |
| 7:18 | Investigar | Feudal Age |
| 7:26 | Construir | Lumber Camp |
| 7:55 | Construir | Mining Camp |
| 8:10 | Construir | House |
| 8:37 | Construir | Outpost |
| 8:59 | Construir | Outpost |
| 9:03 | Crear | Villager (Male) |
| 9:04 | Crear | Fishing Ship |
| 9:06 | Crear | Fishing Ship |
| 9:28 | Edad | Edad Feudal |
| 9:30 | Crear | Fire Galley |
| 9:34 | Construir | Watch Tower |
| 9:36 | Crear | Villager (Male) |
| 9:37 | Investigar | Double-Bit Axe |
| 9:37 | Investigar | Double-Bit Axe |
| 9:46 | Construir | Outpost |
| 9:49 | Investigar | Town Watch |
| 9:49 | Investigar | Town Watch |
| 9:51 | Crear | Villager (Male) |
| 10:08 | Crear | Fire Galley |
| 10:26 | Crear | Villager (Male) |
| 10:34 | Construir | Mill |
| 10:48 | Construir | Watch Tower |
| 10:54 | Construir | Outpost |
| 11:49 | Crear | Villager (Male) |
| 11:50 | Construir | Blacksmith |
| 11:55 | Construir | Market |
| 12:15 | Construir | Farm |
| 12:23 | Construir | Outpost |
| 12:36 | Crear | Villager (Male) |
| 12:36 | Crear | Villager (Male) |
| 13:03 | Construir | Farm |
| 13:05 | Construir | Farm |
| 13:11 | Construir | Outpost |
| 13:23 | Construir | Farm |
| 13:24 | Construir | Farm |
| 13:37 | Construir | Mill |
| 13:43 | Construir | Farm |
| 13:48 | Construir | Outpost |
| 13:53 | Crear | Villager (Male) |
| 13:53 | Crear | Villager (Male) |
| 14:01 | Construir | House |
| 14:24 | Construir | Farm |
| 14:26 | Construir | House |
| 14:44 | Crear | Villager (Male) |
| 14:44 | Crear | Villager (Male) |
| 15:03 | Construir | Watch Tower |
| 15:20 | Crear | Villager (Male) |
| 15:40 | Crear | Villager (Male) |
| 15:40 | Crear | Villager (Male) |
| 15:55 | Construir | Stone Wall |
| 15:56 | Construir | Stone Wall |
| 16:11 | Crear | Villager (Male) |
| 16:36 | Construir | Mining Camp |
| 16:56 | Construir | Watch Tower |
| 17:06 | Crear | Villager (Male) |
| 17:14 | Construir | Farm |
| 17:23 | Construir | Farm |
| 17:25 | Crear | Villager (Male) |
| 17:37 | Construir | Farm |
| 17:49 | Crear | Villager (Male) |
| 17:49 | Crear | Villager (Male) |
| 17:55 | Construir | House |
| 17:58 | Construir | House |
| 18:14 | Construir | House |
| 18:24 | Investigar | Wheelbarrow |
| 18:24 | Investigar | Wheelbarrow |
| 18:24 | Investigar | Wheelbarrow |
| 18:48 | Crear | Villager (Male) |
Build order — 暴陽
Primeras 150 de 156 acciones detectadas
| 0:28 | Construir | House |
| 0:29 | Construir | House |
| 0:40 | Construir | Dock |
| 1:37 | Construir | Town Center |
| 2:29 | Crear | Villager (Male) |
| 2:29 | Crear | Villager (Male) |
| 2:29 | Crear | Villager (Male) |
| 2:30 | Crear | Villager (Male) |
| 2:33 | Crear | Villager (Male) |
| 2:34 | Crear | Villager (Male) |
| 2:34 | Crear | Villager (Male) |
| 3:15 | Crear | Fishing Ship |
| 3:29 | Crear | Villager (Male) |
| 3:29 | Crear | Villager (Male) |
| 3:42 | Crear | Villager (Male) |
| 3:53 | Crear | Fishing Ship |
| 4:21 | Crear | Fishing Ship |
| 4:35 | Crear | Villager (Male) |
| 4:40 | Investigar | Loom |
| 4:53 | Crear | Fishing Ship |
| 5:25 | Investigar | Feudal Age |
| 5:25 | Investigar | Feudal Age |
| 5:52 | Construir | House |
| 6:12 | Construir | House |
| 6:13 | Construir | Palisade Wall |
| 6:29 | Construir | House |
| 6:31 | Construir | Palisade Wall |
| 7:01 | Construir | Dock |
| 7:06 | Crear | Villager (Male) |
| 7:06 | Crear | Villager (Male) |
| 7:35 | Edad | Edad Feudal |
| 7:36 | Crear | Fire Galley |
| 7:41 | Investigar | Double-Bit Axe |
| 7:51 | Crear | Villager (Male) |
| 7:55 | Crear | Fire Galley |
| 8:06 | Construir | Dock |
| 8:11 | Crear | Villager (Male) |
| 8:17 | Construir | House |
| 8:17 | Construir | House |
| 8:20 | Crear | Villager (Male) |
| 8:23 | Construir | House |
| 8:25 | Construir | House |
| 8:29 | Crear | Fire Galley |
| 8:43 | Crear | Fire Galley |
| 8:51 | Crear | Villager (Male) |
| 9:10 | Crear | Fire Galley |
| 9:11 | Crear | Villager (Male) |
| 9:15 | Crear | Fire Galley |
| 9:35 | Crear | Fire Galley |
| 9:35 | Crear | Fire Galley |
| 9:36 | Crear | Villager (Male) |
| 9:38 | Construir | House |
| 9:39 | Construir | House |
| 9:42 | Construir | Mule Cart |
| 9:50 | Construir | Watch Tower |
| 9:55 | Construir | Mule Cart |
| 10:08 | Crear | Villager (Male) |
| 10:34 | Crear | Villager (Male) |
| 10:49 | Crear | Fire Galley |
| 11:01 | Construir | Mule Cart |
| 11:13 | Crear | Villager (Male) |
| 11:25 | Crear | Villager (Male) |
| 11:27 | Crear | Fire Galley |
| 11:27 | Crear | Fire Galley |
| 11:47 | Crear | Villager (Male) |
| 11:51 | Construir | Mill |
| 12:20 | Construir | House |
| 12:22 | Construir | House |
| 12:34 | Construir | Mule Cart |
| 12:36 | Crear | Villager (Male) |
| 12:37 | Crear | Fire Galley |
| 12:37 | Crear | Fire Galley |
| 12:38 | Crear | Villager (Male) |
| 12:44 | Construir | Palisade Wall |
| 12:57 | Crear | Villager (Male) |
| 13:02 | Crear | Fire Galley |
| 13:19 | Crear | Villager (Male) |
| 13:38 | Investigar | Tech 906 |
| 13:44 | Construir | Dock |
| 13:50 | Construir | Dock |
| 13:53 | Crear | Fishing Ship |
| 13:53 | Crear | Fishing Ship |
| 14:03 | Construir | House |
| 14:05 | Crear | Villager (Male) |
| 14:05 | Crear | Villager (Male) |
| 14:05 | Crear | Villager (Male) |
| 14:41 | Crear | Unit 2626 |
| 14:41 | Crear | Unit 2626 |
| 14:41 | Crear | Unit 2626 |
| 15:03 | Investigar | Town Watch |
| 15:08 | Crear | Fishing Ship |
| 15:08 | Crear | Fishing Ship |
| 15:09 | Crear | Fishing Ship |
| 15:46 | Crear | Villager (Male) |
| 16:10 | Crear | Villager (Male) |
| 16:29 | Construir | Mule Cart |
| 16:33 | Crear | Unit 2626 |
| 16:33 | Crear | Unit 2626 |
| 16:33 | Crear | Unit 2626 |
| 16:34 | Crear | Unit 2626 |
| 17:04 | Investigar | Wheelbarrow |
| 17:10 | Crear | Fire Galley |
| 17:24 | Construir | Market |
| 17:27 | Construir | Outpost |
| 17:47 | Crear | Unit 2626 |
| 17:47 | Crear | Unit 2626 |
| 18:04 | Construir | Blacksmith |
| 18:17 | Crear | Villager (Male) |
| 18:17 | Crear | Villager (Male) |
| 18:17 | Crear | Villager (Male) |
| 18:26 | Construir | Mule Cart |
| 18:38 | Crear | Villager (Male) |
| 18:54 | Crear | Unit 2626 |
| 18:54 | Crear | Unit 2626 |
| 19:10 | Crear | Villager (Male) |
| 19:28 | Crear | Unit 2626 |
| 19:28 | Crear | Unit 2626 |
| 19:33 | Crear | Villager (Male) |
| 19:36 | Construir | Mule Cart |
| 19:54 | Construir | Town Center |
| 20:33 | Construir | Mule Cart |
| 21:09 | Crear | Villager (Male) |
| 21:09 | Crear | Villager (Male) |
| 21:15 | Construir | Blacksmith |
| 21:52 | Investigar | Castle Age |
| 21:52 | Investigar | Castle Age |
| 22:15 | Crear | Unit 2626 |
| 22:16 | Crear | Unit 2626 |
| 22:16 | Crear | Unit 2626 |
| 22:16 | Crear | Unit 2626 |
| 22:16 | Crear | Unit 2626 |
| 22:19 | Crear | Unit 2626 |
| 22:19 | Crear | Unit 2626 |
| 22:24 | Construir | Dock |
| 22:27 | Construir | Dock |
| 22:54 | Construir | Mule Cart |
| 22:59 | Investigar | Gold Mining |
| 23:01 | Investigar | Forging |
| 23:11 | Crear | Fishing Ship |
| 23:15 | Crear | Unit 2626 |
| 23:15 | Crear | Unit 2626 |
| 23:15 | Crear | Unit 2626 |
| 23:16 | Crear | Unit 2626 |
| 23:16 | Crear | Unit 2626 |
| 23:16 | Crear | Unit 2626 |
| 23:29 | Crear | Unit 2626 |
| 23:29 | Crear | Unit 2626 |
| 23:29 | Crear | Unit 2626 |
| 23:41 | Construir | Dock |
| 23:47 | Crear | Villager (Male) |
Cronología de la partida
| 0:14 | 皮眼派對 · first_building Dock |
| 0:14 | Hoyall · first_building Dock |
| 0:22 | 紅燈右轉 · first_building Dock |
| 0:30 | CristinaLover · first_building Dock |
| 0:38 | 6mill · first_building Dock |
| 0:40 | 暴陽 · first_building Dock |
| 6:13 | 暴陽 · wall_segment Palisade Wall x1 |
| 6:31 | 暴陽 · wall_segment Palisade Wall x1 |
| 7:35 | 暴陽 · age_up feudal |
| 7:47 | 皮眼派對 · wall_segment Palisade Wall x3 |
| 7:50 | 皮眼派對 · wall_segment Palisade Wall x3 |
| 8:26 | 皮眼派對 · wall_segment Palisade Wall x6 |
| 8:27 | CristinaLover · wall_segment Palisade Wall x6 |
| 8:28 | 皮眼派對 · wall_segment Palisade Wall x1 |
| 8:30 | 皮眼派對 · wall_segment Palisade Wall x3 |
| 9:27 | 皮眼派對 · wall_segment Palisade Wall x1 |
| 9:28 | 6mill · age_up feudal |
| 9:44 | 紅燈右轉 · age_up feudal |
| 10:48 | Hoyall · age_up feudal |
| 10:57 | 皮眼派對 · wall_segment Palisade Wall x7 |
| 11:16 | CristinaLover · age_up feudal |
| 11:29 | 皮眼派對 · wall_segment Palisade Wall x1 |
| 11:30 | 皮眼派對 · wall_segment Palisade Wall x1 |
| 11:33 | 皮眼派對 · wall_segment Palisade Wall x1 |
| 11:34 | 皮眼派對 · wall_segment Palisade Wall x1 |
| 11:36 | 皮眼派對 · wall_segment Palisade Wall x1 |
| 12:24 | CristinaLover · wall_segment Stone Wall x9 |
| 12:44 | 暴陽 · wall_segment Palisade Wall x3 |
| 13:14 | 皮眼派對 · age_up feudal |
| 13:45 | 紅燈右轉 · age_up castle |
| 13:49 | 紅燈右轉 · first_building Siege Workshop |
| 14:11 | 皮眼派對 · first_building Barracks |
| 14:46 | Hoyall · age_up castle |
| 14:54 | CristinaLover · age_up castle |
| 15:04 | Hoyall · first_building Castle |
| 15:43 | 皮眼派對 · first_building Stable |
| 15:50 | 紅燈右轉 · first_market_sell 100 wood |
| 15:55 | 6mill · wall_segment Stone Wall x1 |
| 15:56 | 6mill · wall_segment Stone Wall x1 |
| 16:58 | 皮眼派對 · age_up castle |
| 17:14 | 紅燈右轉 · first_building Monastery |
| 18:22 | 6mill · first_market_sell 100 wood |
| 19:31 | 6mill · resign |
| 19:37 | 暴陽 · first_market_sell 500 wood |
| 19:52 | 暴陽 · first_market_buy 100 stone |
| 21:42 | CristinaLover · wall_segment Stone Wall x1 |
| 22:38 | 紅燈右轉 · first_market_buy 100 stone |
| 22:52 | CristinaLover · wall_segment Stone Wall x5 |
[ ANÁLISIS IA · 1 CRÉDITO ]
¿Qué pasó realmente en esta partida?
Wolo.gg analiza cada decisión: build order, eco, micro, errores típicos por bracket. Análisis personalizado por WhatsApp o Discord en 30 segundos.
Guía civ
Aztecas
Perfil
Jugador #2413419